 Dungeon Crawl Stone Soup version 0.27-a0-421-g7ddf969dea (webtiles) character file.

Game seed: 3630723867085515857

46 Anon1729 the Skirmisher (level 3, -1/29 HPs)
             Began as a Demonspawn Monk on Feb 26, 2021.
             Succumbed to a kobold's poison
             ... on level 2 of the Dungeon.
             The game lasted 00:01:19 (1474 turns).

Anon1729 the Skirmisher (Demonspawn Monk)           Turns: 1474, Time: 00:01:20

Health: -1/29      AC: 10    Str: 11    XL:     3   Next: 46%
Magic:  3/3        EV:  5    Int: 12    God:
Gold:   49         SH:  0    Dex: 15    Spells: 2/2 levels left

rFire    . . .     SeeInvis .   a - +0 short sword
rCold    . . .     Faith    .   (no shield)
rNeg     . . .     Spirit   .   g - +0 chain mail
rPois    .         Reflect  .   (no helmet)
rElec    .         Harm     .   (no cloak)
rCorr    .         Rampage  .   (no gloves)
Will     .....                  (no boots)
Stlth    ..........             (no amulet)
HPRegen  0.09/turn              (no ring)
MPRegen  0.08/turn              (no ring)

@: brilliant, lethally poisoned (-1 -> -29), berserk cooldown, slowed, very slow
A: yellow scales 1
a: no special abilities


You were on level 2 of the Dungeon.
You visited 1 branch of the dungeon, and saw 2 of its levels.

You collected 49 gold pieces.

Inventory:

Hand Weapons
 a - a +0 short sword (weapon)
 i - a +0 dagger
Missiles
 h - 4 atropa-tipped darts (quivered)
Armour
 b - a +0 robe
 g - a +0 chain mail (worn)
Jewellery
 e - a ring of poison resistance
Scrolls
 c - 2 scrolls of identify {unknown}
 d - a scroll of teleportation {unknown}
 k - a scroll of blinking {unknown}
 l - a scroll of fear {unknown}
 m - a scroll of magic mapping {unknown}


   Skills:
 + Level 3.5 Fighting
 + Level 3.1 Short Blades
 + Level 3.1 Dodging
 + Level 2.2 Stealth


You had 2 spell levels left.
You didn't know any spells.
Your spell library was empty.

Dungeon Overview and Level Annotations

Branches:
Dungeon (2/15)

Altars:


Innate Abilities, Weirdness & Mutations

You are partially covered in yellow scales. (AC +2)


Message History

You are too injured to fight recklessly!
You are too injured to fight recklessly!
You are too injured to fight recklessly!
You are too injured to fight recklessly!
You are too injured to fight recklessly!
You are too injured to fight recklessly!
You are too injured to fight recklessly!
You are too injured to fight recklessly!
You feel very sick.
* * * LOW HITPOINT WARNING * * *
You feel very sick.
It was a potion of berserk rage.
A red film seems to cover your vision as you go berserk!
You feel yourself moving faster!
You feel mighty!
* * * LOW HITPOINT WARNING * * *
You feel sick. The kobold hits you but does no damage.
You puncture the kobold!
You kill the kobold!
* * * LOW HITPOINT WARNING * * *
You feel sick.
* * * LOW HITPOINT WARNING * * *
You feel sick.
You see here a +0 whip of venom.
You are too berserk!
You feel a strong urge to attack something.
* * * LOW HITPOINT WARNING * * *
You feel sick.
* * * LOW HITPOINT WARNING * * *
You feel sick.
Found an escape hatch in the floor.
You see here a goblin corpse.
You feel your anger nearly subside.
You are no longer berserk.
You are exhausted.
You feel yourself slow down.
* * * LOW HITPOINT WARNING * * *
You feel sick.
Okay, then.
It was a potion of brilliance.
You feel clever all of a sudden.
You die...

#.........#
#.......>.#
#.........#
#.........#
#.........#
#.........#
#.........#
#..@......#
########
#..†......#
[...)..#
#......)..#
.......#
###)####### #
#.......# #.#
##........# #.#
#†#.......# #.#
.#.#......## #.#
#.#........#####.#


There were no monsters in sight!

Vanquished Creatures
  An adder (D:2)
  2 leopard geckos
  A ball python (D:1)
  5 bats
  3 giant cockroaches
  3 goblins
  5 hobgoblins
  5 jackals (D:2)
  A kobold (D:2)
  A frilled lizard (D:2)
  4 rats
31 creatures vanquished.

Notes
Turn   | Place    | Note
-------+----------+-------------------------------------------
     0 | D:1      | Anon1729 the Demonspawn Monk began the quest for the Orb.
     0 | D:1      | Reached XP level 1. HP: 18/18 MP: 1/1
   421 | D:1      | Gained mutation: You are partially covered in yellow
                  | scales. (AC +2) [demonic ancestry]
   421 | D:1      | Reached XP level 2. HP: 21/24 MP: 2/2
  1179 | D:2      | Reached XP level 3. HP: 28/29 MP: 3/3
  1473 | D:2      | HP: 1/29 [poisoned by a kobold]
  1474 | D:2      | Succumbed to a kobold's poison

Illustrated notes

Levels and vault maps discovered:
D:1:      roderic_dead_forest, layout_basic
D:2:      layout_rooms, minivault_23, kennysheep_nub

Skill      XL: |  1  2 |
---------------+-------+-----
Short Blades   | 3 |  3.1
Dodging        | 3 |  3.1
Stealth        | 2 |  2.2
Fighting       | |  3.5

Action                   || total
-------------------------++-------
Melee: Short sword       ||   164
  Use: Potion            ||     2
 Stab: Sleeping          ||     1
Armor: Robe              ||     6
       Chain mail        ||   116
Dodge: Dodged            ||    59

Table legend: (Time is in decaauts)
 A = Elapsed time spent in this place.
 B = Non-inter-level travel time spent in this place.
 C = Inter-level travel time spent in this place.
 D = Time resting spent in this place.
 E = Time spent auto-exploring this place.
 F = Levels seen in this place.
 G = Mean time per level.
                   A        B        C        D        E       F      G
               +--------+--------+--------+--------+--------+-----+--------+
         Total |   1464 |   1442 |     22 |      0 |   1170 |   2 |  732.0 |
       Dungeon |   1464 |   1442 |     22 |      0 |   1170 |   2 |  732.0 |
               +--------+--------+--------+--------+--------+-----+--------+

Top non-repeatable levels by time:
     D:1: 926 daAuts
     D:2: 537 daAuts
